 Dungeon Crawl Stone Soup version 0.29-a0-541-gaf1fc19f1b (webtiles) character file.

Game seed: 3919181259399236582

38 Hubjo the Firebug (level 3, -2/20 HPs)
             Began as a Deep Elf Fire Elementalist on June 2, 2022.
             Was a Follower of Zin.
             Slain by an orc
             ... wielding a +0 short sword
              (6 damage)
             ... on level 4 of the Dungeon.
             The game lasted 00:01:14 (1518 turns).

Hubjo the Firebug (Deep Elf Fire Elementalist)      Turns: 1518, Time: 00:01:15

Health: -2/20      AC:  2    Str:  5    XL:     3   Next: 25%
Magic:  3/9        EV: 12    Int: 21    God:    Zin [*.....]
Gold:   30         SH:  0    Dex: 15    Spells: 7/8 levels left

rFire   . . .      SeeInvis .   (no weapon)
rCold   . . .      Faith    .   (no shield)
rNeg    . . .      Spirit   .   a - +0 robe
rPois   .          Reflect  .   (no helmet)
rElec   .          Harm     .   (no cloak)
rCorr   .          Rampage  .   (no gloves)
Will    .....                   (no boots)
Stlth   ++........              (no amulet)
HPRegen 0.06/turn               (no ring)
MPRegen 0.11/turn               (no ring)

@: weak-willed, very slightly contaminated
A: no striking features
a: Renounce Religion, Recite, Donate Gold


You were on level 4 of the Dungeon.
You worshipped Zin.
Zin was aware of your devotion.
You visited 1 branch of the dungeon, and saw 3 of its levels.

You collected 33 gold pieces.
You donated 3 gold pieces to Zin.

Inventory:

Armour
 a - a +0 robe (worn)
Jewellery
 c - a ring of protection from fire
 i - a ring of willpower
Scrolls
 f - a scroll of identify {unknown}
Potions
 b - a potion of magic
 d - a potion of cancellation {unknown}
 e - 2 potions of haste {unknown}
 k - a potion of invisibility {unknown}


   Skills:
 * Level 1.3 Fighting
 - Level 2.4 Dodging
 + Level 3.1 Stealth
 + Level 3.4 Spellcasting
 - Level 1.1 Conjurations
 + Level 3.6 Fire Magic


You had 7 spell levels left.
You knew the following spells:

 Your Spells              Type           Power      Damage    Failure   Level
a - Foxfire               Conj/Fire      52%        2x1d6     4%          1

Your spell library contained the following spells:

 Spells                   Type           Power      Damage    Failure   Level
 Scorch                   Fire           36%        2d7       4%          2
 Conjure Flame            Conj/Fire      13%        6-21      14%         3
 Inner Flame              Hex/Fire       11%        N/A       19%         3
 Flame Wave               Conj/Fire      13%        2d6       43%         4


Dungeon Overview and Level Annotations

Branches:
Dungeon (2/15)

Altars:
Zin

Annotations:
D:4 Sigmund


Message History

You conjure some foxfire!
The foxfire hits the endoplasm.
The endoplasm is moderately wounded.
The foxfire hits the endoplasm.
You kill the endoplasm!
The foxfire hits the orc.
The orc is heavily wounded.
An orc comes into view. It is wielding a +0 club.
You conjure some foxfire!
The foxfire hits the orc.
The orc is almost dead.
The foxfire hits the orc.
You kill the orc!
You miscast Foxfire.
You are very lightly contaminated with residual magic.
Nothing appears to happen.
The foxfire hits the goblin.
The goblin is moderately wounded.
The foxfire hits the orc but does no damage.
The orc priest mumbles some strange prayers to Beogh against you.
Beogh smites you!
Ouch! That really hurt!
You are too injured to fight recklessly!
You are too injured to fight recklessly!
You are too injured to fight recklessly!
As you read the scroll labelled UREFRO QUOL, it crumbles to dust.
You feel aware of your surroundings.
It was a scroll of magic mapping.
The goblin hits you with a +0 dagger.
* * * LOW HITPOINT WARNING * * *
The orc priest looks satisfied for a moment.
As you read the scroll labelled MOM KEUMNIOMET, it crumbles to dust.
Magic quickly surges around you.
It was a scroll of vulnerability.
A scorpion comes into view.
The goblin closely misses you.
A gnoll comes into view. It is wielding a +0 flail.
Sigmund the Dreaded comes into view.
He is wielding a +0 scythe and wearing a +2 robe of cold resistance.
As you read the scroll labelled LOTALOH UTIFE, it crumbles to dust.
It is a scroll of amnesia.
Okay, then.
The gnoll shouts!
You hear a shout!
A giant cockroach comes into view.
The orc hits you with a +0 short sword.
You die...

,*,,**...**,,#.#,....,,,,,*,,,,,*
,*,,,*#.#*,,,#.##....,**,,*,,,,,,
,**,,,#.#,,,##.#....,***,,*,,,,*,
.,**,+#.#+,##..#..#,,,,*,,,,,,,*,
...###...###......#*,,,***,,*,,*,
.......8..........##**,,,,,***,,,
,..###...###.......# *,,,,,,,,,*,
,,**,+#.#+,##.....##***,,,,,,,*,,
,**,,,#.#,,,##..@.# *,,,,,,,,,*,,
,*,,,*#.#*,,,#..og#***,,,,,,,,,,,
,*,,**...**,,#.....#,,,,,,,,,,**,
,****,...,***#........,,,,,,,,,,,
,,,,,.....,,....o..#....,,,,,,,,*
,,*,*...##,.....).###...,,***,,,,
,,,,.....#.....go.#**##.*,* **,,*
,,***,,,,...@#B.s.#*,,,,,,****,,*
,,,**,,,,...##...#.*,,,**,,,,,,,,


You could see Sigmund (wandering), a scorpion (wandering), an orc priest
(weak-willed), a gnoll, 2 orcs, a giant cockroach (wandering) and a goblin
(weak-willed).

Vanquished Creatures
  A dart slug (D:1)
  2 orcs (D:4)
  4 endoplasms
  A giant cockroach (D:2)
  3 goblins (D:1)
  4 hobgoblins
  2 kobolds (D:1)
  A quokka (D:1)
  6 ball pythons
  3 bats (D:1)
  A rat (D:1)
28 creatures vanquished.

Vanquished Creatures (collateral kills)
  2 foxfires (D:1)
2 creatures vanquished.

Vanquished Creatures (others)
  129 foxfires
129 creatures vanquished.

Grand Total: 159 creatures vanquished

Notes
Turn   | Place    | Note
-------+----------+-------------------------------------------
     0 | D:1      | Hubjo the Deep Elf Fire Elementalist began the quest for
                  | the Orb.
     0 | D:1      | Reached XP level 1. HP: 10/10 MP: 6/6
   399 | D:1      | Reached XP level 2. HP: 16/16 MP: 4/8
   575 | D:1      | Reached skill level 1 in Fighting
  1125 | D:1      | Found a faded altar of an unknown god.
  1247 | D:1      | Prayed at the altar of an unknown god.
  1247 | D:1      | Became a worshipper of Zin the Law-Giver
  1247 | D:1      | Reached * piety under Zin
  1279 | D:2      | Reached XP level 3. HP: 19/20 MP: 6/9
  1466 | D:2      | You fall into a shaft and drop 2 floors!
  1517 | D:4      | Noticed a scorpion
  1517 | D:4      | Noticed Sigmund
  1518 | D:4      | Slain by an orc

Illustrated notes

Levels and vault maps discovered:
D:1:      eino_arrival_druids_welcome, layout_rooms,
          shapermc_ecumenical_altar_hornbeckon
D:2:      layout_loops_ring, basic_altar
D:4:      cheibrodos_barr_body, layout_cave_pools, minmay_bent, uniq_sigmund,
          uniq_robin

Skill      XL: |  1  2 |
---------------+-------+-----
Fighting       | 1 |  1.3
Stealth        | 3 |  3.1
Dodging        | |  2.4
Spellcasting   | |  3.4
Conjurations   | |  1.1
Fire Magic     | |  3.6

Action                   || total
-------------------------++-------
Melee: Unarmed           ||    12
 Cast: Foxfire           ||    82
  Use: Scroll            ||     3
Armor: Robe              ||     6
Dodge: Dodged            ||    16

Table legend: (Time is in decaauts)
 A = Elapsed time spent in this place.
 B = Non-inter-level travel time spent in this place.
 C = Inter-level travel time spent in this place.
 D = Time resting spent in this place.
 E = Time spent auto-exploring this place.
 F = Levels seen in this place.
 G = Mean time per level.
                   A        B        C        D        E       F      G
               +--------+--------+--------+--------+--------+-----+--------+
         Total |   1531 |   1453 |     78 |      0 |   1273 |   3 |  510.3 |
       Dungeon |   1531 |   1453 |     78 |      0 |   1273 |   3 |  510.3 |
               +--------+--------+--------+--------+--------+-----+--------+

Top non-repeatable levels by time:
     D:1: 1288 daAuts
     D:2: 191 daAuts
     D:4: 51 daAuts
